 Dungeon Crawl Stone Soup version 0.15-a0-1253-g15b4f57 (webtiles) character file.

30 Crauler the Sneak (level 3, -3/21 HPs)
             Began as an Octopode Earth Elementalist on June 4, 2014.
             Slain by a worm (9 damage)
             ... on Level 2 of the Dungeon.
             The game lasted 00:06:43 (2031 turns).

Crauler the Sneak (Octopode Earth Elementalist)     Turns: 2031, Time: 00:06:43

HP  -3/21        AC  1     Str  7      XL: 3   Next: 18%
MP   6/6         EV 12     Int 18      God:
Gold 8           SH  0     Dex 12      Spells:  3 memorised,  0 levels left

rFire  . . .     SeeInvis +     (no weapon)
rCold  . . .     Clarity  .     (no shield)
rNeg   . . .     rCorr    .     (helmet restricted)
rPois  .         rRot     .     (no amulet)
rElec  .         Spirit   .     f - ring of stealth
SustAb .         Warding  .     l - ring of see invisible
rMut   .         Stasis   .     (no ring)
Gourm  .                        (no ring)
MR     .....                    (no ring)
                                (no ring)
                                (no ring)
                                (no ring)

@: not resistant to hostile enchantments, stealthy
A: almost no armour, amphibious, 8 rings, constrict 8, camouflage 1, gelatinous
body 1
a: no special abilities


You were on level 2 of the Dungeon.
You were not hungry.

You visited 1 branch of the dungeon, and saw 2 of its levels.

You collected 8 gold pieces.

Inventory:

Missiles
 b - 20 stones (quivered)
Armour
 n - a cursed -1 buckler
Comestibles
 a - a bread ration
 g - a meat ration
 h - a slice of pizza
 i - a beef jerky
Scrolls
 c - 2 scrolls of identify {unknown}
 j - 2 scrolls of remove curse {unknown}
 k - a scroll of magic mapping {unknown}
 m - a scroll of amnesia {unknown}
Jewellery
 f - a ring of stealth (left tentacle)
 l - a ring of see invisible (right tentacle)
Potions
 e - a potion of brilliance {unknown}
Books
 d - a book of Geomancy

   Spells                             Type                      Level
   *Sandblast                         Earth                        1
   *Stoneskin                         Transmutation/Earth          2
   Passwall                           Transmutation/Earth          3
   *Stone Arrow                       Conjuration/Earth            3
   Petrify                            Transmutation/Earth          4
   Lee's Rapid Deconstruction         Earth                        5


   Skills:
 - Level 2.2 Dodging
 - Level 3.6 Stealth
 - Level 0.4 Unarmed Combat
 - Level 2.1 Spellcasting
 * Level 0.2 Conjurations
 - Level 1.0 Transmutations
 - Level 3.4 Earth Magic


You couldn't memorise any spells.
You knew the following spells:

 Your Spells              Type           Power        Failure   Level  Hunger
a - Sandblast             Erth           ##....       6%          1    #......
b - Stoneskin             Trmt/Erth      #.........   12%         2    ##.....
c - Stone Arrow           Conj/Erth      #.....       30%         3    ####...


Dungeon Overview and Level Annotations

Branches:
Dungeon (2/15)

Altars:


Innate Abilities, Weirdness & Mutations

You cannot wear most types of armour.
You are amphibious.
You can wear up to eight rings at the same time.
You can use your tentacles to constrict many enemies at once.
Your skin changes colour to match your surroundings (Stealth).
Your rubbery body absorbs attacks (AC +1).


Message History

You barely miss the bat. You squeeze the bat.
You kill the bat!
You tentacle-slap the worm. You grab the worm.
The worm is lightly wounded.
You constrict the worm.
You tentacle-slap the worm but do no damage.
The worm is lightly wounded.
You constrict the worm. The worm bites you.
You tentacle-slap the worm.
The worm is moderately wounded.
You constrict the worm.
You tentacle-slap the worm but do no damage.
The worm is moderately wounded.
You constrict the worm. The worm bites you!
* * * LOW HITPOINT WARNING * * *
You tentacle-slap the worm but do no damage.
You squeeze the worm!
The worm is severely wounded.
You constrict the worm. The worm bites you!
You die...

..#.# #.. ..#.# #..
###.# #.# #.#
#########.#
#.###.......#.#
#......####.#.# .
#####).# #.#.# ...
#..####.#%###...###
+.........@w.......
#.#####.#.####..###
#.. ...#.# ###
#####.. ####


You could see a worm.

Vanquished Creatures
  A giant gecko (D:1)
  6 bats
  A giant cockroach (D:2)
  4 goblins (D:1)
  3 hobgoblins (D:1)
  3 jackals (D:1)
  A ball python (D:1)
  A giant newt (D:1)
  3 kobolds (D:1)
  6 rats
29 creatures vanquished.

Notes
Turn   | Place    | Note
--------------------------------------------------------------
     0 | D:1      | Crauler, the Octopode Earth Elementalist, began the quest for the Orb.
     0 | D:1      | Reached XP level 1. HP: 11/11 MP: 3/3
   361 | D:1      | Reached XP level 2. HP: 7/17 MP: 4/4
  1323 | D:1      | Reached XP level 3. HP: 12/21 MP: 6/6
  1981 | D:2      | Learned a level 2 spell: Stoneskin
  1985 | D:2      | Learned a level 3 spell: Stone Arrow
  2031 | D:2      | Slain by a worm

Action                   || total
-------------------------++-------
Melee: Unarmed           ||    93
 Stab: Sleeping          ||     6
